 Dungeon Crawl Stone Soup version 0.27.0-1-g7a089689b8 (webtiles) character file.

Game seed: 3897137515824434778

183 Anothat the Shield-Bearer (level 5, -4/43 HPs)
             Began as a Formicid Fighter on Aug 8, 2021.
             Killed by divine providence
             ... invoked by an orc priest
              (13 damage)
             ... on level 3 of the Dungeon.
             The game lasted 00:02:06 (2469 turns).

Anothat the Shield-Bearer (Formicid Fighter)        Turns: 2469, Time: 00:02:07

Health: -4/43      AC:  6    Str: 21    XL:     5   Next: 94%
Magic:  5/5        EV:  8    Int: 14    God:
Gold:   149        SH:  9    Dex: 10    Spells: 4/4 levels left

rFire    . . .     SeeInvis +   a - +0 war axe
rCold    . . .     Faith    .   c - +0 kite shield
rNeg     . . .     Spirit   .   b - +0 scale mail
rPois    .         Reflect  .   (helmet unavailable)
rElec    .         Harm     .   (no cloak)
rCorr    .         Rampage  .   (no gloves)
Will     .....                  (no boots)
Stlth    ..........             (no amulet)
HPRegen  0.14/turn              h - +6 ring of intelligence
MPRegen  0.09/turn              (no ring)

@: no status effects
A: permanent stasis, dig shafts and tunnels, antennae 3, four strong arms
a: Dig, Shaft Self


You were on level 3 of the Dungeon.
You visited 1 branch of the dungeon, and saw 3 of its levels.

You collected 149 gold pieces.

Inventory:

Hand Weapons
 a - a +0 war axe (weapon)
Armour
 b - a +0 scale mail (worn)
 c - a +0 kite shield (worn)
Jewellery
 h - a +6 ring of intelligence (left hand)
Scrolls
 e - a scroll of magic mapping {unknown}
 g - 2 scrolls of enchant armour {unknown}
 i - a scroll of amnesia {unknown}
 l - 2 scrolls of identify {unknown}
Potions
 d - a potion of might
 f - 3 potions of curing
 j - a potion of heal wounds {unknown}
 k - a potion of ambrosia {unknown}


   Skills:
 + Level 4.3 Fighting
 * Level 4.2 Axes
 - Level 3.2 Armour
 + Level 4.8 Shields


You had 4 spell levels left.
You didn't know any spells.
Your spell library contained the following spells:

 Spells                   Type           Power      Damage    Failure   Level
 Magic Dart               Conj           0%         1d3       88%         1
 Searing Ray              Conj           0%         3d3       96%         2
 Slow                     Hex            0%         N/A       96%         2
 Sublimation of Blood     Necr           0%         N/A       96%         2
 Wereblood                Tmut           0%         N/A       96%         2
 Confusing Touch          Hex            0%         N/A       99%         3
 Gell's Gravitas          Tloc           0%         N/A       99%         3
 Teleport Other           Tloc           0%         N/A       99%         3
 Vampiric Draining        Necr           0%         2d6       99%         3
 Fulminant Prism          Conj/Hex       0%         3d6       100%        4
 Dispersal                Tloc           0%         N/A       100%        6
 Summon Hydra             Summ           0%         N/A       100%        7


Dungeon Overview and Level Annotations

Branches:
Dungeon (3/15)

Altars:


Innate Abilities, Weirdness & Mutations

You cannot be hasted, slowed, berserked, paralysed or teleported.
You can dig through walls and to a lower floor.
You have a pair of large antennae on your head. (SInv)
Your four strong arms can wield two-handed weapons with a shield.


Message History

The orc wizard flickers and vanishes for a moment.
You hit the orc wizard.
The orc wizard is severely wounded.
You barely miss the orc priest. You closely miss the orc.
You block the orc priest's attack.
The orc wizard hits you but does no damage.
You block the orc's attack.
The orc priest begins to cast a cantrip, but forgets the words!
The orc wizard hits you but does no damage.
The orc hits you but does no damage.
You slash the orc wizard!
You kill the orc wizard!
You hit the orc but do no damage. You hit the orc priest.
The orc priest calls down the wrath of Beogh upon you.
Pain shoots through your body! You block the orc's attack.
The orc wizard hits you but does no damage.
You closely miss the orc priest.
The orc priest is moderately wounded.
You closely miss the orc wizard. You closely miss the orc.
You block the orc priest's attack. You block the orc's attack.
The orc wizard hits you but does no damage.
The orc priest hits you with a +0 flail.
The orc hits you but does no damage.
You hit the orc priest.
The orc priest is severely wounded.
You barely miss the orc wizard. You hit the orc but do no damage.
The orc wizard hits you with a +0 dagger.
The orc priest hits you with a +0 flail.
The orc hits you with a +0 falchion.
The orc wizard gestures at you while chanting.
The puff of flame hits you!
* * * LOW HITPOINT WARNING * * *
You closely miss the orc priest.
The orc priest is severely wounded.
You slash the orc wizard! You slash the orc!
You kill the orc!
You slash the orc!
The orc priest invokes the aid of Beogh against you.
Beogh smites you!
You die...

#.#.. #.#.########
#.#.#......########### ##### #
#.#.#.#.(............# #...#
###.#.#................# #...#
....#.###..............# #...####
..........##.####....... #......#
....#.#...##.####o...... #......#
###.#........#..@o...... ##.....#
.........#.#....)o...... #.....#
###>#....#.#.......##### #.....#
..#.#....#.#.......### #.....#
...............##....# ####.....#
..........#######....# #.........
..........##.........###........#
...............#................#
...........#...#.#.##...........#


You could see an orc priest, an orc wizard (invisible) and an orc.

Vanquished Creatures
  A phantom (D:3)
  An orc wizard (D:3)
  2 adders
  2 worms
  2 dart slugs
  An orc (D:3)
  3 endoplasms
  5 giant cockroaches
  4 hobgoblins
  4 jackals (D:2)
  2 quokkas (D:1)
  6 ball pythons
  2 bats
  6 frilled lizards
  9 goblins
  A kobold (D:2)
  4 rats
55 creatures vanquished.

Notes
Turn   | Place    | Note
-------+----------+-------------------------------------------
     0 | D:1      | Anothat the Formicid Fighter began the quest for the Orb.
     0 | D:1      | Reached XP level 1. HP: 18/18 MP: 1/1
   231 | D:1      | Reached XP level 2. HP: 24/24 MP: 2/2
   574 | D:1      | Reached XP level 3. HP: 29/29 MP: 3/3
  1417 | D:2      | Reached XP level 4. HP: 34/37 MP: 4/4
  1714 | D:2      | Found a faded altar of an unknown god.
  1969 | D:3      | Noticed a phantom
  1982 | D:3      | Killed a phantom
  1983 | D:3      | Reached XP level 5. HP: 25/42 MP: 5/5
  2469 | D:3      | Killed from afar by an orc priest

Illustrated notes

Levels and vault maps discovered:
D:1:      minmay_arrival_open_corners, layout_basic, st_stairs_12,
          chequers_mini_garden
D:2:      layout_loops_ring, shapermc_ecumenical_altar_petra, feat_on_display
D:3:      layout_basic, chequers_serial_rivers_micro_b, lemuel_another_geyser

Skill      XL: |  1  2  3  4 |
---------------+-------------+-----
Shields        | 4 |  4.8
Axes           | 3 4 |  4.2
Fighting       | 4 |  4.3
Armour         | |  3.2

Action                   |  1- 3 |  4- 6 || total
-------------------------+-------+-------++-------
Melee: War axe           |    89 |    68 ||   157
  Use: Potion            |       |     1 ||     1
Armor: Scale mail        |    31 |    33 ||    64
Dodge: Dodged            |    27 |    24 ||    51
Block: Kite shield       |    42 |    38 ||    80
